 Dungeon Crawl Stone Soup version 0.30-b1-2-g02819fbbbe (webtiles) character file.

Game seed: 8934738100548394483

6528 Arcadio the Fighter (level 10, -3/97 HPs)
             Began as a Minotaur Fighter on May 13, 2023.
             Was a High Priest of Uskayaw.
             Shot with a bolt by an orc warrior (19 damage)
             ... on level 9 of the Dungeon.
             The game lasted 00:12:14 (6754 turns).

Arcadio the Fighter (Minotaur Fighter)              Turns: 6754, Time: 00:12:14

Health: -3/97      AC: 12    Str: 38    XL:     10   Next: 69%
Magic:  9/9        EV: 10    Int:  5    God:    Uskayaw [*****.]
Gold:   446        SH:  4    Dex:  9    Spells: 9/9 levels left

rFire   . . .        a - +0 war axe
rCold   . . .        c - +0 buckler
rNeg    . . .        b - +0 scale mail
rPois   .            (helmet restricted)
rElec   .            (no cloak)
rCorr   .            r - +0 pair of gloves
SInv    .            t - +0 pair of boots
Will    .....        v - amulet of regeneration Stlth
                     l - +6 ring of strength
HPRegen 1.16/turn    w - +6 ring of strength
MPRegen 0.11/turn

%: no passive effects
@: no status effects
A: horns 2, retaliatory headbutt
a: Renounce Religion, Stomp, Line Pass, Grand Finale


You were on level 9 of the Dungeon.
You worshipped Uskayaw.
Uskayaw was noncommittal.
You visited 2 branches of the dungeon, and saw 10 of its levels.
You also visited: Sewer and Bailey.

You collected 566 gold pieces.
You spent 120 gold pieces at shops.

Inventory:

Hand Weapons
 a - a +0 war axe (weapon)
Missiles
 u - a throwing net (quivered)
Armour
 b - a +0 scale mail (worn)
 c - a +0 buckler (worn)
 r - a +0 pair of gloves (worn)
 t - a +0 pair of boots (worn)
 B - a +2 ring mail of willpower
Jewellery
 l - a +6 ring of strength (left hand)
 s - a ring of protection from fire
 v - an amulet of regeneration (around neck)
 w - a +6 ring of strength (right hand)
 x - a ring of positive energy
 y - a ring of positive energy
 z - an amulet of reflection
 H - an amulet of guardian spirit
 J - a ring of resist corrosion
Wands
 F - a wand of paralysis (19)
 I - a wand of flame (20)
Scrolls
 e - 2 scrolls of noise {unknown}
 f - a scroll of fear {unknown}
 g - a scroll of fog
 h - 2 scrolls of poison
 i - 3 scrolls of immolation
 j - 8 scrolls of teleportation
 m - 2 scrolls of enchant weapon {unknown}
 o - 2 scrolls of magic mapping
 A - 3 scrolls of blinking
 K - a scroll of torment {unknown}
 L - a scroll of amnesia {unknown}
Potions
 d - 2 potions of might
 k - 2 potions of curing
 n - 5 potions of brilliance
 p - 4 potions of heal wounds
 q - 4 potions of haste
 C - a potion of lignification {unknown}
 D - 2 potions of mutation
 E - a potion of invisibility
 G - a potion of cancellation {unknown}


   Skills:
 + Level 11.8 Fighting
 + Level 11.5 Axes
 + Level 11.8 Armour
 - Level 3.6 Shields


You had 9 spell levels left.
You didn't know any spells.
Your spell library contained the following spells:

 Spells                   Type           Power      Damage    Failure   Level
 Magic Dart               Conj           0%         1d3       67%         1
 Searing Ray              Conj           0%         2d4       82%         2
 Call Canine Familiar     Summ           0%         N/A       96%         3
 Hailstorm                Conj/Ice       0%         3d3       96%         3
 Inner Flame              Hex/Fire       0%         N/A       96%         3
 Portal Projectile        Hex/Tloc       0%         N/A       96%         3
 Tukima's Dance           Hex            0%         N/A       96%         3
 Flame Wave               Conj/Fire      0%         2d4       100%        4
 Fulminant Prism          Conj/Hex       0%         3d5       100%        4
 Ice Form                 Ice/Tmut       0%         N/A       100%        4
 Leda's Liquefaction      Hex/Erth       0%         N/A       100%        4
 Passage of Golubria      Tloc           0%         N/A       100%        4
 Sticky Flame             Conj/Fire      0%         2d3       100%        4
 Yara's Violent Unravell  Hex/Tmut       0%         3d3       100%        5
 Simulacrum               Ice/Necr       0%         N/A       100%        6


Dungeon Overview and Level Annotations

Branches:
Dungeon (9/15) Zot: 26719  Temple (1/1) D:6 Zot: 5984   Sewer (visited)
 Bailey (visited)
   Lair: D:8-11         Orc: D:9-12

Altars:
Cheibriados
Dithmenos
Fedhas
Hepliaklqana
Nemelex Xobeh
Sif Muna
Trog
Uskayaw
Wu Jian
Xom
Zin
The Shining One
Lugonu

Shops:
D:1 (   D:4 *

Annotations:
D:5 2 transporters


Innate Abilities, Weirdness & Mutations

You have a pair of horns on your head.
You reflexively headbutt those who attack you in melee.


Message History

You hit the orc warrior but do no damage.
You headbutt the orc warrior.
You kill the orc warrior!
You closely miss the orc. You slash the orc!
You kill the orc!
You hear a shout!
The orc warrior unwields a +0 dire flail.
The orc warrior wields a +0 arbalest.
The orc warrior shoots a bolt.
The bolt hits you! The orc warrior closely misses you.
The orc barely misses you.
You hear a shout!
An orc priest comes into view. It is wielding a +0 hand axe.
The orc barely misses you. You furiously retaliate!
You headbutt the orc!
You kill the orc!
The orc warrior hits you with a +0 trident.
The orc hits you with a +0 war axe!
The orc warrior unwields a +0 arbalest.
The orc warrior wields a +0 dire flail.
You block the orc warrior's attack.
Items here: )))) [[[ †.
You barely miss the orc warrior.
The orc warrior is moderately wounded.
You hit the orc warrior. You slash the orc!
You kill the orc!
You slice the orc!!
You kill the orc!
The orc warrior hits you with a +0 trident!
You hit the orc warrior but do no damage.
The orc warrior is moderately wounded.
You hit the orc warrior but do no damage.
The orc warrior hits you with a +0 dire flail!
The orc warrior hits you with a +0 trident!
The orc priest calls down the wrath of Beogh upon you.
Beogh smites you!
* * * LOW HITPOINT WARNING * * *
The orc warrior attacks as you move away!
The orc warrior hits you with a +0 dire flail.
* * * LOW HITPOINT WARNING * * *
The orc warrior unwields a +0 dire flail.
The orc warrior wields a +0 arbalest.
The orc warrior shoots a bolt.
The bolt hits you!!
You die...

.........#..######+#
#.#
#...#...##..#......#
#..
............+......#
###
#...#...##..#......#
.........####......#
#########.).)......#
#.)........#
######..#.......#
#.).)@..........#
#.##))####......+
#..ooo)..#......#
+..o.)#o.#......#
#.....#..#......#
$....... ........
#8'8#####8o8##. ....
.... # ... ....#


You could see 2 orc warriors and 3 orcs.

Vanquished Creatures
  A two-headed ogre (D:9)
  Pikel (D:7)
  A gargoyle (Bailey)
  3 yaks (D:7)
  A vampire (Bailey)
  Grum (D:9)
  A steam dragon (D:9)
  Pargi (Sewer)
  A water moccasin (D:6)
  7 orc warriors (D:9)
  4 ice beasts
  2 sky beasts
  3 ogres
  2 centaurs
  4 wolves (D:9)
  2 phantoms
  A kobold brigand (D:7)
  A bullfrog (D:7)
  5 scorpions
  A howler monkey (D:8)
  3 wolf zombies (Bailey)
  8 vampire bats (Bailey)
  5 orc priests
  2 hounds
  2 gnoll boudas
  4 jellies
  A sleepcap (D:5)
  3 iguanas
  4 orc wizards
  Robin (D:3)
  19 gnolls
  16 adders
  A shadow imp (D:8)
  A white imp (D:6)
  An ufetubus (D:4)
  3 worms
  4 dart slugs
  30 orcs
  5 bats
  11 endoplasms
  9 giant cockroaches
  22 goblins
  9 hobgoblins
  10 jackals
  16 kobolds
  8 quokkas
  12 ball pythons
  5 frilled lizards
  21 orc zombies (Bailey)
  7 rats
286 creatures vanquished.

Notes
Turn   | Place    | Note
-------+----------+-------------------------------------------
     0 | D:1      | Arcadio the Minotaur Fighter began the quest for the Orb.
     0 | D:1      | Reached XP level 1. HP: 19/19 MP: 0/0
    43 | D:1      | Found Piestrees's Antique Weapon Shoppe.
   144 | D:1      | Reached XP level 2. HP: 21/27 MP: 1/1
   233 | D:1      | Reached XP level 3. HP: 19/33 MP: 2/2
   714 | D:2      | Reached XP level 4. HP: 37/41 MP: 3/3
   979 | D:2      | Found a faded altar of an unknown god.
   987 | D:2      | Prayed at the altar of an unknown god.
   987 | D:2      | Became a worshipper of the Shining One
   987 | D:2      | Reached * piety under the Shining One
  1068 | D:2      | Reached skill level 5 in Armour
  1107 | D:2      | Reached XP level 5. HP: 47/47 MP: 4/4
  1109 | D:2      | Reached skill level 5 in Fighting
  1572 | D:3      | Found an ornate altar of the Wu Jian Council.
  1573 | D:3      | Found a hide-covered altar of Uskayaw.
  1578 | D:3      | Fell from the grace of the Shining One
  1578 | D:3      | Became a worshipper of Uskayaw the Reveller
  1656 | D:3      | Found a glowing drain.
  1661 | Sewer    | Entered a sewer
  1695 | Sewer    | Noticed Pargi
  1697 | Sewer    | Reached * piety under Uskayaw
  1700 | Sewer    | Reached ** piety under Uskayaw
  1705 | Sewer    | Reached *** piety under Uskayaw
  1707 | Sewer    | Killed Pargi
  1708 | Sewer    | Reached XP level 6. HP: 35/56 MP: 5/5
  2162 | D:3      | Reached skill level 5 in Axes
  2163 | D:3      | Found a shimmering blue altar of Sif Muna.
  2259 | D:3      | Noticed Robin
  2267 | D:3      | Killed Robin
  2276 | D:3      | Reached **** piety under Uskayaw
  2457 | D:3      | Found a bloodstained altar of Trog.
  2648 | D:4      | Found Vuovech's Assorted Antiques.
  2652 | D:4      | Bought a scroll of identify for 48 gold pieces
  2652 | D:4      | Bought a scroll of teleportation for 72 gold pieces
  2706 | D:4      | Reached ***** piety under Uskayaw
  2709 | D:4      | Reached XP level 7. HP: 21/64 MP: 6/6
  3533 | D:5      | Entered Level 5 of the Dungeon
  3765 | D:5      | Found a transporter.
  3794 | D:5      | Found a transporter.
  3983 | D:5      | Reached XP level 8. HP: 38/73 MP: 7/7
  4379 | D:6      | Found a staircase to the Ecumenical Temple.
  4388 | Temple   | Entered the Ecumenical Temple
  4477 | D:6      | Found a shimmering altar of Xom.
  4799 | D:6      | Found a glowing silver altar of Zin.
  4799 | D:6      | Found a hazy altar of Hepliaklqana.
  4807 | D:6      | Found a faded altar of an unknown god.
  4809 | D:6      | Found a faded altar of an unknown god.
  4811 | D:6      | Found a shadowy altar of Dithmenos.
  4888 | D:7      | Reached XP level 9. HP: 67/82 MP: 8/8
  5048 | D:7      | Found a flagged portal.
  5060 | Bailey   | Entered a bailey
  5321 | Bailey   | Noticed a gargoyle
  5335 | Bailey   | Killed a gargoyle
  5336 | Bailey   | Reached skill level 10 in Fighting
  5336 | Bailey   | Reached skill level 10 in Armour
  5534 | Bailey   | Identified the +0 ice dragon scales "Mimon" {rF- rC++
                  | Stlth+}
  5621 | D:7      | Reached skill level 10 in Axes
  5704 | D:7      | Noticed Pikel
  5714 | D:7      | Killed Pikel
  5715 | D:7      | Reached XP level 10. HP: 76/94 MP: 9/9
  6477 | D:9      | Noticed a two-headed ogre
  6485 | D:9      | Killed a two-headed ogre
  6666 | D:9      | Noticed Grum
  6677 | D:9      | Killed Grum
  6754 | D:9      | Shot with a bolt by an orc warrior

Illustrated notes

Levels and vault maps discovered:
D:1:      ncdulo_smallfort, layout_rooms, serial_shops, nicolae_shop_stone,
          minivault_23
D:2:      layout_loops_ring, basic_ecumenical_altar, minmay_snake_closets
D:3:      layout_loops_corners, mainiacjoe_overflow_tiny_flanked,
          trog_hazing_becter, nicolae_overflow_squiral, portal_sewer_entry_e,
          uniq_robin
D:4:      layout_layer_cave, serial_shops, nicolae_square_shop
D:5:      gammafunk_wand_slinger, layout_basic
D:6:      layout_basic, xom_teletrap_fun, chequers_temple_overflow_minitemple,
          temple_fountains
D:7:      layout_rooms, enter_bailey_3, hex_tiny, uniq_pikel
D:8:      layout_cave_pools, minivault_22
D:9:      layout_stronghold, lemuel_coloured_pillars_altar,
          mainiacjoe_overflow_cross_hatched, nicolae_overflow_hidden_temple,
          yredelemnul_forgotten_temple_becter, david_orc_5,
          roderic_roman_lattice, uniq_grum
Temple:   corrupted_temple

Skill      XL: |  1  2  3  4  5  6  7  8  9 10 |
---------------+-------------------------------+-----
Fighting       | 4 5 6 7 8 10 11 | 11.8
Armour         | 4 5 6 7 8 10 11 | 11.8
Axes           | 3 4 5 7 8 10 11 | 11.5
Shields        | |  3.6

Action                     |  1- 3 |  4- 6 |  7- 9 | 10-12 || total
---------------------------+-------+-------+-------+-------++-------
  Melee: War axe           |    64 |   175 |   239 |    89 ||   567
         Headbutt          |    15 |    24 |    36 |    12 ||    87
  Evoke: Wand              |       |       |       |     2 ||     2
    Use: Scroll            |       |     5 |     5 |     3 ||    13
         Potion            |       |       |     1 |       ||     1
   Stab: Paralysed         |       |     3 |    14 |    11 ||    28
 Armour: Scale mail        |    52 |    96 |   127 |    36 ||   311
  Dodge: Dodged            |    33 |    91 |   135 |    43 ||   302
  Block: Buckler           |    19 |    39 |    63 |    14 ||   135
